 Dungeon Crawl Stone Soup version 0.30-a0-639-g3916f1956a (webtiles) character file.

Game seed: 2492755018968356786

44 tio the Grave Robber (level 3, -2/25 HPs)
             Began as a Demonspawn Necromancer on Jan 16, 2023.
             Slain by a worm (4 damage)
             ... on level 2 of the Dungeon.
             The game lasted 00:07:19 (1380 turns).

tio the Grave Robber (Demonspawn Necromancer)       Turns: 1380, Time: 00:07:19

Health: -2/25      AC:  2    Str: 10    XL:     3   Next: 41%
Magic:  4/6        EV:  9    Int: 16    God:
Gold:   94         SH:  0    Dex: 19    Spells: 5/6 levels left

rFire   . . .      SeeInvis .    c - +0 dagger
rCold   . . .      Faith    .    (no shield)
rNeg    . . .      Spirit   .    a - +0 robe
rPois   .          Reflect  .    (no helmet)
rElec   .          Harm     .    (no cloak)
rCorr   +          Rampage  .    (no gloves)
Will    .....                    (no boots)
Stlth   ++                       (no amulet)
HPRegen 0.24/turn                g - +6 ring of dexterity
MPRegen 0.10/turn                f - ring of resist corrosion

@: constricted
A: weakness stinger 1
a: no special abilities


You were on level 2 of the Dungeon.
You visited 1 branch of the dungeon, and saw 2 of its levels.

You collected 94 gold pieces.

Inventory:

Hand Weapons
 c - a +0 dagger (weapon)
Armour
 a - a +0 robe (worn)
Jewellery
 f - a ring of resist corrosion (right hand)
 g - a +6 ring of dexterity (left hand)
Scrolls
 e - a scroll of identify {unknown}
 h - a scroll of noise {unknown}
Potions
 d - a potion of haste {unknown}
 i - a potion of resistance {unknown}


   Skills:
 + Level 0.5 Fighting
 + Level 1.9 Dodging
 + Level 1.9 Stealth
 + Level 2.4 Spellcasting
 + Level 5.2 Necromancy


You had 5 spell levels left.
You knew the following spells:

 Your Spells              Type           Power      Damage    Failure   Level
a - Necrotise             Necr           72%        1d7       2%          1

Your spell library contained the following spells:

 Spells                   Type           Power      Damage    Failure   Level
 Vampiric Draining        Necr           18%        2d7       7%          3
 Animate Dead             Necr           18%        N/A       22%         4
 Agony                    Necr           18%        N/A       54%         5


Dungeon Overview and Level Annotations

Branches:
Dungeon (2/15)

Altars:


Innate Abilities, Weirdness & Mutations

You have a small tail.


Message History

The ball python constricts you.
You hit the worm but do no damage.
The worm is severely wounded.
The ball python bites you. The ball python constricts you.
The worm barely misses you.
You hit the worm but do no damage.
The worm is severely wounded.
The ball python closely misses you. The ball python constricts you.
You hit the worm.
Your tail-slap misses the worm.
The worm is severely wounded.
The ball python bites you. The ball python constricts you.
The worm closely misses you. The ball python bites you.
The ball python constricts you. Magic courses through your body.
The ball python bites you.
* * * LOW HITPOINT WARNING * * *
The ball python constricts you. The worm bites you.
* * * LOW HITPOINT WARNING * * *
You are too injured to fight recklessly!
You are too injured to fight recklessly!
You are too injured to fight recklessly!
Casting: Necrotise (safe; 2% risk of failure)
Confirm with . or Enter, or press ? or * to list all spells.
Aiming: Necrotise (safe; 2% risk of failure)
Press: ? - help, Shift-Dir - straight line, f/p - worm
Aim: a worm (severely wounded, chance to affect: 83%)
The worm writhes in agony.
The ball python bites you.
* * * LOW HITPOINT WARNING * * *
The ball python constricts you.
* * * LOW HITPOINT WARNING * * *
Casting: Necrotise (safe; 2% risk of failure)
Confirm with . or Enter, or press ? or * to list all spells.
Aiming: Necrotise (safe; 2% risk of failure)
Press: ? - help, Shift-Dir - straight line, f/p - worm
Aim: a worm (severely wounded, chance to affect: 83%)
The worm writhes in agony.
The ball python bites you but does no damage.
The ball python constricts you.
* * * LOW HITPOINT WARNING * * *
The worm bites you.
You die...

...##.# #..##.#
####### #..##.#
....... #..##.#
....... #..##.#
..$.... #..##.#
.?..... #.#####..##.#
......#
#...........##wB....#
#####........@SK.....
#.........##.###.
#.........+
#.........#
#.........#
#.#####.........#
......>...#######
#######.###
########.####


You could see a worm, a giant cockroach, a ball python and a kobold.

Vanquished Creatures
  An adder (D:2)
  A worm (D:2)
  A dart slug (D:2)
  4 giant cockroaches
  2 goblins (D:1)
  3 hobgoblins (D:1)
  3 jackals (D:2)
  3 quokkas (D:1)
  A ball python (D:1)
  4 bats
  A frilled lizard (D:1)
  2 kobolds
  2 rats (D:1)
28 creatures vanquished.

Vanquished Creatures (others)
  7 demonic plants (D:1)
  3 fungi (D:1)
  3 withered plants (D:1)
13 creatures vanquished.

Grand Total: 41 creatures vanquished

Notes
Turn   | Place    | Note
-------+----------+-------------------------------------------
     0 | D:1      | tio the Demonspawn Necromancer began the quest for the Orb.
     0 | D:1      | Reached XP level 1. HP: 13/13 MP: 3/3
   309 | D:1      | Gained mutation: You have a small tail. [demonic ancestry]
   309 | D:1      | Reached XP level 2. HP: 19/19 MP: 1/5
   522 | D:1      | Reached skill level 5 in Necromancy
   771 | D:1      | Found a faded altar of an unknown god.
  1092 | D:2      | Reached XP level 3. HP: 22/25 MP: 2/6
  1380 | D:2      | Slain by a worm

Illustrated notes

Levels and vault maps discovered:
D:1:      sevenhm_arrival_forest_fort_small_6, layout_loops_ring,
          shapermc_ecumenical_altar_gd
D:2:      layout_basic, basic_altar, minivault_19

Skill      XL: |  1  2 |
---------------+-------+-----
Necromancy     | 5 |  5.2
Fighting       | |  0.5
Dodging        | |  1.9
Stealth        | |  1.9
Spellcasting   | |  2.4

Action                   || total
-------------------------++-------
Melee: Dagger            ||    65
       Tailslap          ||    12
       Punch             ||     3
 Cast: Necrotise         ||    49
  Use: Potion            ||     1
 Stab: Distracted        ||     1
Armor: Robe              ||     8
Dodge: Dodged            ||    18

Table legend: (Time is in decaauts)
 A = Elapsed time spent in this place.
 B = Non-inter-level travel time spent in this place.
 C = Inter-level travel time spent in this place.
 D = Time resting spent in this place.
 E = Time spent auto-exploring this place.
 F = Levels seen in this place.
 G = Mean time per level.
                   A        B        C        D        E       F      G
               +--------+--------+--------+--------+--------+-----+--------+
         Total |   1378 |   1309 |     69 |      0 |   1106 |   2 |  689.0 |
       Dungeon |   1378 |   1309 |     69 |      0 |   1106 |   2 |  689.0 |
               +--------+--------+--------+--------+--------+-----+--------+

Top non-repeatable levels by time:
     D:1: 971 daAuts
     D:2: 406 daAuts
